 Dungeon Crawl Stone Soup version 0.25.1-2-g60ff931df9 (webtiles) character file.

Game seed: 11942608625457636272

195 Martska the Skirmisher (level 5, -5/50 HPs)
             Began as a Naga Warper on Oct 11, 2020.
             Slain by an ogre
             ... wielding a +0 giant club
              (23 damage)
             ... on level 4 of the Dungeon.
             The game lasted 00:06:28 (5325 turns).

Martska the Skirmisher (Naga Warper)                Turns: 5325, Time: 00:06:29

Health: -5/50      AC:  4    Str: 14    XL:     5   Next: 74%
Magic:  17/17      EV:  7    Int: 14    God:
Gold:   147        SH:  7    Dex: 10    Spells: 6/8 levels left

rFire    . . .     SeeInvis +   a - +0 spear
rCold    . . .     Gourm    .   p - +0 kite shield
rNeg     . . .     Faith    .   b - +1 leather armour
rPois    +         Spirit   .   (no helmet)
rElec    .         Reflect  .   (no cloak)
rCorr    .         Harm     .   (no gloves)
MR       .....                  (no barding)
Stlth    +.........             (no amulet)
HPRegen  0.16/turn              m - ring of magical power
MPRegen  0.15/turn              (no ring)

@: very slow
A: large, see invisible, deformed body, poison resistance, slowness 2, slow
metabolism 1, spit poison 1, AC +1
a: Spit Poison


You were on level 4 of the Dungeon.
You were hungry.

You visited 1 branch of the dungeon, and saw 4 of its levels.

You collected 147 gold pieces.

Inventory:

Hand Weapons
 a - a +0 spear (weapon)
Armour
 b - a +1 leather armour (worn)
 l - a +1 chain mail of fire resistance
 p - a +0 kite shield (worn)
Jewellery
 m - a ring of magical power (left hand)
Scrolls
 d - a scroll of immolation {unknown}
 g - a scroll of enchant armour
 h - 3 scrolls of noise
 i - 4 scrolls of identify {unknown}
 j - a scroll of magic mapping {unknown}
 k - 6 scrolls of remove curse
 q - a scroll of fog {unknown}
Potions
 c - a potion of flight {unknown}
 o - 2 potions of haste {unknown}
Comestibles
 f - 2 rations


   Skills:
 * Level 4.0 Fighting
 * Level 4.0 Polearms
 - Level 0.8 Throwing
 - Level 0.7 Armour
 - Level 1.5 Dodging
 * Level 1.2 Shields
 - Level 2.0 Spellcasting
 - Level 3.0 Translocations


You had 6 spell levels left.
You knew the following spells:

 Your Spells              Type           Power        Failure   Level  Hunger
a - Blink                 Tloc           N/A          56%         2    ###....

Your spell library contained the following spells:

 Spells                   Type           Power        Failure   Level  Hunger
 Shroud of Golubria       Chrm/Tloc      #.....       78%         2    ###....
 Gell's Gravitas          Tloc           #.........   80%         3    ####...
 Lesser Beckoning         Tloc           #.........   80%         3    ####...
 Teleport Other           Tloc           #.......     80%         3    ####...
 Beastly Appendage        Tmut           #.....       85%         1    ##.....
 Sticks to Snakes         Tmut           #.......     94%         2    ###....
 Spider Form              Tmut/Pois      #.........   99%         3    ####...
 Passage of Golubria      Tloc           N/A          99%         4    #####..
 Ice Form                 Ice/Tmut       #.......     100%        4    #####..
 Blade Hands              Tmut           #.........   100%        5    ######.


Dungeon Overview and Level Annotations

Branches:
Dungeon (4/15)             Temple (0/1) D:4

Altars:
Okawaru
Trog
Uskayaw
Xom
The Shining One

Annotations:
D:2 Sigmund


Innate Abilities, Weirdness & Mutations

You cannot wear boots.
Your serpentine skin is tough. (AC +1)
You have supernaturally acute eyesight. (SInv)
Armour fits poorly on your strangely shaped body.
Your system is resistant to poisons. (rPois)
You cover ground very slowly.
You have a slow metabolism.
You can spit poison.


Message History

The boomerang of dispersal barely misses the ogre.
You hit the ogre but do no damage.
The ogre is heavily wounded.
You have got your breath back.
The ogre hits you with a +0 giant club!!
Your shield prevents you from hitting the ogre.
The ogre is heavily wounded.
The ogre hits you with a +0 giant club!
You hit the ogre.
The ogre is heavily wounded.
You barely miss the ogre.
The ogre is heavily wounded.
The ogre looks more healthy.
You block the ogre's attack.
You hit the ogre.
The ogre is severely wounded.
The ogre hits you with a +0 giant club!
You hit the ogre.
The ogre is severely wounded.
The ogre hits you with a +0 giant club!!
You die...

#.......[ #.
#........ #.
#........ #.
#........ #.
###........ #O
#.'.)...... #.
#######.#........
#.###.^..##.######+##
#..O@.....#.# #.#
#####.....#.######'##
#.....#.##.......
#.....#.##.......
#####.#..รท.......
#.####....... #.#
#.###### #.# #.#
##########.# #.#


You could see an ogre.

Vanquished Creatures
  2 worker ants (D:4)
  Robin (D:2)
  5 adders
  An adder skeleton (D:4)
  2 worms (D:2)
  2 dart slugs
  5 leopard geckos
  6 orcs (D:4)
  9 bats
  A giant cockroach (D:1)
  14 hobgoblins
  5 jackals
  5 kobolds
  A quokka (D:4)
  2 frilled lizards (D:1)
  7 goblins
  5 rats
73 creatures vanquished.

Notes
Turn   | Place    | Note
-------+----------+-------------------------------------------
     0 | D:1      | Martska the Naga Warper began the quest for the Orb.
     0 | D:1      | Reached XP level 1. HP: 19/19 MP: 3/3
   343 | D:1      | Reached XP level 2. HP: 27/27 MP: 5/5
  1056 | D:1      | Found a glowing golden altar of the Shining One.
  1256 | D:1      | Reached XP level 3. HP: 31/33 MP: 6/6
  1791 | D:2      | Noticed Robin
  2232 | D:2      | Reached XP level 4. HP: 18/42 MP: 7/7
  2917 | D:2      | Killed Robin
  3277 | D:2      | Noticed Sigmund
  3940 | D:3      | Learned a level 2 spell: Blink
  3982 | D:3      | Found a bloodstained altar of Trog.
  3982 | D:3      | Found an iron altar of Okawaru.
  3983 | D:3      | Found a shimmering altar of Xom.
  4261 | D:4      | Reached XP level 5. HP: 8/50 MP: 8/8
  4795 | D:4      | Found a hide-covered altar of Uskayaw.
  4875 | D:4      | Found a staircase to the Ecumenical Temple.
  4915 | D:4      | Reached skill level 1 in Shields
  5315 | D:4      | Noticed an ogre
  5325 | D:4      | Slain by an ogre

Illustrated notes

Levels and vault maps discovered:
D:1:      nagdon_arrival_zigzag_paths, layout_basic, tso_altar
D:2:      layout_rooms, uniq_robin, uniq_sigmund
D:3:      layout_loops_ring, gammafunk_temple_overflow_claw
D:4:      layout_basic, lemuel_crystal_altar, temple_statues,
          ebering_ghost_sewer_d, kennysheep_generic_room_13

Skill      XL: |  1  2  3  4  5 |
---------------+----------------+-----
Fighting       | 3 4 |  4.0
Polearms       | 3 4 |  4.0
Shields        | 1 |  1.2
Throwing       | |  0.8
Armour         | |  0.7
Dodging        | |  1.5
Spellcasting   | |  2.0
Translocations | |  3.0

Action                   |  1- 3 |  4- 6 || total
-------------------------+-------+-------++-------
Melee: Spear             |   147 |   178 ||   325
Throw: Boomerang         |       |     5 ||     5
 Abil: Spit Poison       |     4 |     9 ||    13
  Use: Scroll            |     4 |       ||     4
  Eat: Chunk             |     3 |     4 ||     7
       Ration            |       |     1 ||     1
Armor: Leather armour    |    28 |    36 ||    64
Dodge: Dodged            |    58 |    39 ||    97
Block: Kite shield       |       |    34 ||    34
